 Dungeon Crawl Stone Soup version 0.32-a0-986-ga09f62fbf4 (webtiles) character file.

Game seed: 2213594837844022276

1372 Rem the Slasher (level 8, -2/62 HPs)
             Began as a Coglin Gladiator on Apr 21, 2024.
             Was an Initiate of Hepliaklqana.
             Slain by a gnoll
             ... wielding a +0 spear
             ... led by a gnoll bouda
              (4 damage)
             ... on level 5 of the Dungeon.
             The game lasted 00:14:36 (4587 turns).

Rem the Slasher (Coglin Gladiator)                  Turns: 4587, Time: 00:14:37

Health: -2/62      AC:  6    Str: 14    XL:     8   Next: 66%
Magic:  8/8        EV: 13    Int:  8    God:    Hepliaklqana [......]
Gold:   326        SH:  0    Dex: 18    Spells: 7/7 levels left

rFire   . . .        a - +0 long sword {Rodica}
rCold   . . .        A - +0 dagger (drain) {Kanchana}
rNeg    . . .        b - +0 leather armour
rPois   .            c - +0 helmet
rElec   .            z - +0 cloak
rCorr   .            w - +0 pair of gloves
SInv    .            (no boots)
Will    .....        (amulet unavailable)
Stlth   +            (ring unavailable)
HPRegen 0.30/turn    (ring unavailable)
MPRegen 0.11/turn    (no gizmo)

%: no passive effects
@: revved
A: off-hand wielding, slow wielding, warmup strikes, no jewellery
a: Invent Gizmo, Renounce Religion


You were on level 5 of the Dungeon.
You worshipped Hepliaklqana.
Hepliaklqana was noncommittal.
You visited 2 branches of the dungeon, and saw 6 of its levels.
You also visited: Sewer.

You collected 326 gold pieces.

Inventory:

Hand Weapons
 a - a +0 long sword (weapon) {Rodica}
 A - a +0 dagger of draining (offhand) {Kanchana}
 N - a +0 falchion
Missiles
 d - 2 throwing nets
 e - 3 javelins
 j - 7 boomerangs
 n - 10 poisoned darts (quivered)
 q - a curare-tipped dart
 F - 3 atropa-tipped darts
Armour
 b - a +0 leather armour (worn)
 c - a +0 helmet (worn)
 p - a +0 scale mail
 w - a +0 pair of gloves (worn)
 z - a +0 cloak (worn)
Wands
 E - a wand of quicksilver (11)
 M - a wand of iceblast (1)
Scrolls
 f - 3 scrolls of poison {unknown}
 h - 3 scrolls of teleportation {unknown}
 k - 2 scrolls of identify {unknown}
 m - a scroll of butterflies {unknown}
 x - a scroll of enchant weapon {unknown}
 y - 2 scrolls of amnesia {unknown}
 C - a scroll of fog {unknown}
 H - a scroll of acquirement {unknown}
 I - a scroll of brand weapon {unknown}
 J - a scroll of enchant armour {unknown}
 K - a scroll of blinking {unknown}
 L - a scroll of fear {unknown}
Potions
 g - a potion of berserk rage {unknown}
 i - 3 potions of might {unknown}
 l - a potion of invisibility {unknown}
 o - 2 potions of resistance {unknown}
 r - a potion of heal wounds {unknown}
 s - a potion of mutation {unknown}
 t - 3 potions of haste {unknown}
 u - a potion of magic {unknown}
 v - a potion of curing {unknown}
 B - a potion of lignification {unknown}
 D - a potion of brilliance {unknown}
 G - 2 potions of attraction {unknown}


   Skills:
 + Level 5.3 Fighting
 * Level 7.5 Long Blades
 - Level 1.7 Throwing
 - Level 3.0 Armour
 - Level 5.0 Dodging


You had 7 spell levels left.
You didn't know any spells.
Your spell library contained the following spells:

 Spells                   Type           Power      Damage    Failure   Level
 Magic Dart               Conj           0%         1d3       47%         1
 Cigotuvi's Dreadful Rot  Necr/Alch/Air  0%         N/A       63%         2
 Searing Ray              Conj           0%         2d4       63%         2
 Frozen Ramparts          Ice            0%         1d1       85%         3
 Ozocubu's Armour         Ice            0%         N/A       85%         3
 Tukima's Dance           Hex            0%         N/A       85%         3
 Fulminant Prism          Conj/Alch      0%         3d5       99%         4
 Ignite Poison            Fire/Alch      0%         N/A       99%         4
 Passage of Golubria      Tloc           0%         N/A       99%         4
 Freezing Cloud           Conj/Ice/Air   0%         6-21      100%        5
 Metabolic Englaciation   Hex/Ice        0%         N/A       100%        5
 Yara's Violent Unravell  Hex/Alch       0%         3d3       100%        5


Dungeon Overview and Level Annotations

Branches:
Dungeon (5/15)             Temple (1/1) D:4           Sewer (visited)

Altars:
Cheibriados
Dithmenos
Hepliaklqana
Kikubaaqudgha
Makhleb
Nemelex Xobeh
Ru
Sif Muna
Trog
Uskayaw
Vehumet
Wu Jian
Xom
Yredelemnul

Shops:
D:2 (


Innate Abilities, Weirdness & Mutations

You can wield a second weapon in your off-hand.
It takes a long time for you to wield or remove held weapons.
Your first few attacks do less damage.
You cannot equip rings or amulets.


Message History

The gnoll hits you but does no damage. The gnoll hits you with a +0 whip.
You hit the gnoll with your +0 dagger of draining.
You drain the gnoll.
The gnoll is severely wounded.
You barely miss the gnoll with your +0 long sword.
The gnoll closely misses you. The gnoll misses you. x2
The gnoll closely misses you.
Unknown command.
You barely miss the gnoll with your +0 long sword.
The gnoll is severely wounded.
You hit the gnoll with your +0 dagger of draining.
You drain the gnoll.
You kill the gnoll!
The gnoll hits you from afar with a +0 halberd!
The gnoll misses you. x2
You hit the gnoll with your +0 dagger of draining.
You drain the gnoll.
The gnoll is heavily wounded.
You hit the gnoll with your +0 long sword.
The gnoll hits you from afar with a +0 halberd!
The gnoll barely misses you. The gnoll completely misses you.
You hit the gnoll with your +0 long sword.
The gnoll is almost dead.
You hit the gnoll with your +0 dagger of draining.
You kill the gnoll!
The gnoll hits you from afar with a +0 halberd.
* * * LOW HITPOINT WARNING * * *
The gnoll hits you but does no damage. The gnoll hits you with a +0 halberd!
* * * LOW HITPOINT WARNING * * *
The gnoll hits you with a +0 spear.
* * * LOW HITPOINT WARNING * * *
You barely miss the gnoll with your +0 long sword.
You barely miss the gnoll with your +0 dagger of draining.
The gnoll barely misses you. The gnoll misses you.
You barely miss the gnoll with your +0 long sword.
You hit the gnoll with your +0 dagger of draining.
The gnoll closely misses you. The gnoll hits you with a +0 spear.
You die...
Hepliaklqana delivers you to your ancestors.

... #.# .#.##... ...##
#.# ..#....#. #...
#.##### ......>#.
#...##.#...##.........
#.........##.#......
#...............#...
##..)...............
##)................
#g@).......†.......
......g##.........##....
....?.##.......##.##....
.....................###
..... ##.......###......
..... ##.....## #######
.... ##...## # #### ####


You could see 2 gnolls.

Vanquished Creatures
  Grinder (D:3)
  Sigmund (D:5)
  An ice beast (D:5)
  An ogre (D:3)
  A kobold brigand (Sewer)
  4 scorpions
  A bombardier beetle (D:5)
  A hound (D:4)
  2 quasits (Sewer)
  An orc priest (D:3)
  A gnoll bouda (D:5)
  Ijyb (D:4)
  3 iguanas
  3 gnolls (D:5)
  5 adders
  A river rat (D:3)
  6 shadow imps (Sewer)
  2 ufetubi (D:5)
  2 ribbon worms
  3 dart slugs
  8 orcs
  3 ball pythons
  2 bats (D:3)
  9 endoplasms
  5 giant cockroaches
  4 goblins
  7 hobgoblins
  2 jackals (D:3)
  4 quokkas
  8 frilled lizards
  18 kobolds
  5 rats
116 creatures vanquished.

Vanquished Creatures (others)
  A giant cockroach zombie (Sewer)
1 creature vanquished.

Grand Total: 117 creatures vanquished

Notes
Turn   | Place    | Note
-------+----------+-------------------------------------------
     0 | D:1      | Rem the Coglin Gladiator began the quest for the Orb.
     0 | D:1      | Reached XP level 1. HP: 16/16 MP: 1/1
   144 | D:1      | Reached XP level 2. HP: 20/22 MP: 2/2
   713 | D:2      | Reached XP level 3. HP: 23/27 MP: 3/3
   873 | D:2      | Found Namnosew's Weapon Boutique.
   945 | D:2      | Reached skill level 1 in Armour
  1304 | D:3      | Noticed an ogre
  1321 | D:3      | Killed an ogre
  1322 | D:3      | Reached skill level 4 in Long Blades
  1322 | D:3      | Reached XP level 4. HP: 34/34 MP: 4/4
  1322 | D:3      | Reached XP level 5. HP: 40/40 MP: 5/5
  1395 | D:3      | HP: 1/40 [ball python (2)]
  1406 | D:3      | HP: 2/40 [frilled lizard (2)]
  1529 | D:3      | Found a glowing drain.
  1544 | Sewer    | Entered a sewer
  1997 | Sewer    | Reached XP level 6. HP: 47/47 MP: 6/6
  2010 | Sewer    | Found a burning altar of Makhleb.
  2204 | Sewer    | Reached skill level 5 in Long Blades
  2669 | D:3      | Found a faded altar of an unknown god.
  2704 | D:3      | Noticed Grinder
  2733 | D:3      | Killed Grinder
  2734 | D:3      | Reached XP level 7. HP: 4/53 MP: 7/7
  3439 | D:4      | Found a shadowy altar of Dithmenos.
  3442 | D:4      | Found a basalt altar of Yredelemnul.
  3494 | D:4      | Noticed Ijyb
  3499 | D:4      | Reached skill level 6 in Long Blades
  3505 | D:4      | Killed Ijyb
  3992 | D:4      | Reached XP level 8. HP: 60/61 MP: 8/8
  4111 | D:4      | Found a staircase to the Ecumenical Temple.
  4202 | D:5      | Entered Level 5 of the Dungeon
  4226 | Temple   | Entered the Ecumenical Temple
  4242 | Temple   | Became a worshipper of Hepliaklqana the Forgotten
  4335 | D:5      | Found a burning altar of Makhleb.
  4384 | D:5      | Noticed Sigmund
  4392 | D:5      | Killed Sigmund
  4393 | D:5      | Reached skill level 7 in Long Blades
  4523 | D:5      | Reached skill level 5 in Fighting
  4523 | D:5      | Reached skill level 5 in Dodging
  4585 | D:5      | HP: 2/62 [gnoll/+0 spear[a gnoll bouda] (4)]
  4587 | D:5      | Slain by a gnoll

Illustrated notes

Levels and vault maps discovered:
D:1:      orjb1_lava_funnel, layout_basic
D:2:      layout_loops_ring, serial_shops, shop, dreamdust_mushroom_princess
D:3:      layout_loops_ring, mainiacjoe_sewer_entry_somewhere_in_here_2,
          serial_forest, infiniplex_forest_lined_room_2,
          infiniplex_forest_corner_1, infiniplex_forest_end_2,
          infiniplex_forest_lined_2, hellmonk_ecumenical_altar_run_dry,
          uniq_grinder
D:4:      layout_cave_pods, grunt_temple_overflow_open,
          minmay_temple_entry_fiery, uniq_ijyb
D:5:      layout_rooms, marbit_many_paths, uniq_sigmund
Temple:   nicolae_temple_bog_church

Skill      XL: |  1  2  3  4  5  6  7  8 |
---------------+-------------------------+-----
Dodging        | 3 4 5 |  5.0
Armour         | 1 2 3 |  3.0
Long Blades    | 4 5 6 7 |  7.5
Fighting       | 3 4 5 |  5.3
Throwing       | |  1.7

Action                     |  1- 3 |  4- 6 |  7- 9 || total
---------------------------+-------+-------+-------++-------
  Melee: Long sword        |    71 |   139 |   110 ||   320
         Dagger            |    67 |   124 |   103 ||   294
  Throw: Boomerang         |     5 |       |       ||     5
         Throwing net      |     2 |       |       ||     2
         Dart              |       |       |    14 ||    14
   Stab: Sleeping          |     2 |       |       ||     2
 Armour: Leather armour    |    27 |   125 |    72 ||   224
  Dodge: Dodged            |    41 |   108 |    96 ||   245

Table legend: (Time is in decaauts)
 A = Elapsed time spent in this place.
 B = Non-inter-level travel time spent in this place.
 C = Inter-level travel time spent in this place.
 D = Time resting spent in this place.
 E = Time spent auto-exploring this place.
 F = Levels seen in this place.
 G = Mean time per level.
                   A        B        C        D        E       F      G
               +--------+--------+--------+--------+--------+-----+--------+
         Total |   4623 |   4396 |    227 |    595 |   2677 |   7 |  660.4 |
       Dungeon |   3866 |   3670 |    196 |    308 |   2611 |   5 |  773.2 |
        Temple |     33 |      2 |     31 |      0 |      0 |   1 |   33.0 |
         Sewer |    723 |    723 |      0 |    287 |     65 |   1 |  723.0 |
               +--------+--------+--------+--------+--------+-----+--------+

Top non-repeatable levels by time:
     D:3: 1452 daAuts
     D:4: 832 daAuts
   Sewer: 723 daAuts
     D:1: 638 daAuts
     D:2: 636 daAuts
     D:5: 306 daAuts
  Temple: 33 daAuts
